 Dungeon Crawl Stone Soup version 0.30-a0-29-g142975f185 (webtiles) character file.

Game seed: 2228808954480085798

108 Flugkiller the Trooper (level 4, 0/41 HPs)
             Began as a Minotaur Fighter on Aug 25, 2022.
             Killed by divine providence
             ... invoked by an orc priest
              (14 damage)
             ... on level 3 of the Dungeon.
             The game lasted 00:00:48 (2173 turns).

Flugkiller the Trooper (Minotaur Fighter)           Turns: 2173, Time: 00:00:49

Health: 0/41       AC:  8    Str: 21    XL:     4   Next: 58%
Magic:  3/3        EV:  9    Int:  5    God:
Gold:   91         SH:  4    Dex: 11    Spells: 3/3 levels left

rFire   . . .      SeeInvis .    a - +0 war axe
rCold   . . .      Faith    +    c - +0 buckler
rNeg    + . .      Spirit   .    b - +0 scale mail
rPois   .          Reflect  .    (helmet restricted)
rElec   .          Harm     .    o - +0 cloak {Stlth+}
rCorr   .          Rampage  .    (no gloves)
Will    .....                    (no boots)
Stlth   +.........               h - amulet of faith
HPRegen 0.13/turn                j - ring of positive energy
MPRegen 0.08/turn                e - ring of flight

@: flying
A: horns 2, retaliatory headbutt
a: no special abilities


You were on level 3 of the Dungeon.
You visited 1 branch of the dungeon, and saw 3 of its levels.

You collected 91 gold pieces.

Inventory:

Hand Weapons
 a - a +0 war axe (weapon)
Armour
 b - a +0 scale mail (worn)
 c - a +0 buckler (worn)
 o - a +0 cloak of stealth (worn)
   (You took it off Crazy Yiuf on level 2 of the Dungeon)
Jewellery
 e - a ring of flight (right hand)
   (You found it on level 1 of the Dungeon)
 h - an amulet of faith (around neck)
   (You found it on level 1 of the Dungeon)
 j - a ring of positive energy (left hand)
   (You found it on level 2 of the Dungeon)
Scrolls
 f - a scroll of brand weapon {unknown}
 i - a scroll of summoning {unknown}
 l - 4 scrolls of identify {unknown}
 n - a scroll of enchant armour {unknown}
Potions
 d - a potion of might
 g - 3 potions of curing {unknown}
 k - a potion of lignification {unknown}
 m - a potion of heal wounds {unknown}


   Skills:
 + Level 4.5 Fighting
 * Level 4.5 Axes
 + Level 4.4 Armour
 - Level 3.6 Shields


You had 3 spell levels left.
You didn't know any spells.
Your spell library was empty.

Dungeon Overview and Level Annotations

Branches:
Dungeon (3/15)

Altars:
Dithmenos
Yredelemnul


Innate Abilities, Weirdness & Mutations

You have a pair of horns on your head.
You reflexively headbutt those who attack you in melee.


Message History

You hit the worm. The worm bites you. You block the endoplasm's attack.
You hit the endoplasm.
The endoplasm is almost dead.
You slash the worm! The endoplasm freezes you.
You are frozen.
You block the worm's attack.
You hit the endoplasm.
You kill the endoplasm!
You slash the worm!
You kill the worm!
No target in view!
A hobgoblin comes into view.
A hobgoblin is nearby!
A hobgoblin is nearby!
A hobgoblin is nearby!
The hobgoblin shouts!
You slash the hobgoblin!
You kill the hobgoblin!
No target in view!
No target in view!
No target in view!
No target in view!
No target in view!
HP restored.
Found a basalt altar of Yredelemnul.
l - 3 scrolls labelled PAYSIU FUENWE (gained 1)
A worm comes into view.
A worm is nearby!
A worm is nearby!
A kobold and a hobgoblin come into view.
The hobgoblin shouts!
The worm bites you.
You see here a scroll labelled PAYSIU FUENWE.
You slash the worm!
You headbutt the worm, but do no damage.
The worm is severely wounded.
You hit the kobold.
You kill the kobold!
The worm bites you!
You slash the worm!
You kill the worm!
You hit the hobgoblin.
The hobgoblin is heavily wounded.
The hobgoblin closely misses you.
You barely miss the hobgoblin.
You headbutt the hobgoblin, but do no damage.
The hobgoblin is heavily wounded.
The hobgoblin closely misses you.
You closely miss the hobgoblin.
The hobgoblin is heavily wounded.
The hobgoblin hits you but does no damage.
The hobgoblin misses you.
A hobgoblin is nearby!
A hobgoblin is nearby!
You hit the hobgoblin.
The hobgoblin is almost dead.
The hobgoblin hits you but does no damage.
A hobgoblin is nearby!
You hit the hobgoblin but do no damage.
You headbutt the hobgoblin, but do no damage.
The hobgoblin is almost dead.
The hobgoblin barely misses you.
A hobgoblin is nearby!
You slash the hobgoblin!
You kill the hobgoblin!
No target in view!
l - 4 scrolls labelled PAYSIU FUENWE (gained 1)
You reach down and open the large door.
Found a stone staircase leading up.
An orc priest comes into view. It is wielding a +0 short sword.
There is a large open door here.
An orc priest is nearby!
An orc priest is nearby!
An orc priest is nearby!
A hobgoblin comes into view.
The hobgoblin shouts!
There is a large open door here.
The orc priest calls down the wrath of Beogh upon you.
Beogh smites you!
You hear a shout!
You closely miss the hobgoblin.
A quokka comes into view.
The orc priest invokes the aid of Beogh against you.
Beogh smites you!
The hobgoblin hits you but does no damage.
You are too injured to fight recklessly!
You are too injured to fight recklessly!
You are too injured to fight recklessly!
You are too injured to fight recklessly!
You are too injured to fight recklessly!
You are too injured to fight recklessly!
You are too injured to fight recklessly!
You are too injured to fight recklessly!
You are too injured to fight recklessly!
You are too injured to fight recklessly!
Unknown command.
The hobgoblin attacks as you move away! You block the hobgoblin's attack.
The orc priest mumbles some strange prayers to Beogh against you.
Beogh smites you!
You die...

#.............P......
#....................
+.......)########..##
#........# #....
#........# #....
######'###### #....
....##'####### #....
..........g...##
#....
........@........
#....
.................
........<..o...r.
.................
..............###
..............#
....#######.... ....
....


You could see an orc priest, a quokka (wandering) and a hobgoblin.

Vanquished Creatures
  Crazy Yiuf (D:2)
  3 adders
  4 worms
  3 ball pythons
  3 endoplasms
  4 giant cockroaches (D:1)
  2 goblins (D:1)
  6 hobgoblins
  2 quokkas
  3 bats
  A frilled lizard (D:1)
  7 kobolds
  2 rats (D:1)
41 creatures vanquished.

Notes
Turn   | Place    | Note
-------+----------+-------------------------------------------
     0 | D:1      | Flugkiller the Minotaur Fighter began the quest for the
                  | Orb.
     0 | D:1      | Reached XP level 1. HP: 19/19 MP: 0/0
   125 | D:1      | Reached XP level 2. HP: 21/27 MP: 1/1
   515 | D:1      | Reached XP level 3. HP: 29/33 MP: 2/2
  1156 | D:2      | Found a shadowy altar of Dithmenos.
  1713 | D:2      | Found a runed translucent door.
  1714 | D:2      | Noticed Crazy Yiuf
  1796 | D:2      | Killed Crazy Yiuf
  1797 | D:2      | Reached XP level 4. HP: 24/41 MP: 3/3
  2045 | D:3      | Found a basalt altar of Yredelemnul.
  2173 | D:3      | Killed from afar by an orc priest

Illustrated notes

Levels and vault maps discovered:
D:1:      arrival_zaba_pyramid, layout_basic
D:2:      layout_rooms, basic_altar, uniq_crazy_yiuf_cottage
D:3:      layout_basic, grunt_temple_overflow_opulence, lemuel_tele_altar,
          mainiacjoe_overflow_chevrons, gammafunk_temple_overflow_elements,
          minmay_puff, uniq_natasha

Skill      XL: |  1  2  3 |
---------------+----------+-----
Axes           | 3 4 |  4.5
Fighting       | 4 |  4.5
Armour         | 4 |  4.4
Shields        | |  3.6

Action                   |  1- 3 |  4- 6 || total
-------------------------+-------+-------++-------
Melee: War axe           |    59 |    19 ||    78
       Headbutt          |     6 |     5 ||    11
Armor: Scale mail        |    16 |     5 ||    21
Dodge: Dodged            |    27 |     7 ||    34
Block: Buckler           |    11 |     4 ||    15

Table legend: (Time is in decaauts)
 A = Elapsed time spent in this place.
 B = Non-inter-level travel time spent in this place.
 C = Inter-level travel time spent in this place.
 D = Time resting spent in this place.
 E = Time spent auto-exploring this place.
 F = Levels seen in this place.
 G = Mean time per level.
                   A        B        C        D        E       F      G
               +--------+--------+--------+--------+--------+-----+--------+
         Total |   2200 |   2086 |    114 |      0 |   1835 |   3 |  733.3 |
       Dungeon |   2200 |   2086 |    114 |      0 |   1835 |   3 |  733.3 |
               +--------+--------+--------+--------+--------+-----+--------+

Top non-repeatable levels by time:
     D:1: 1145 daAuts
     D:2: 858 daAuts
     D:3: 196 daAuts
